 Dungeon Crawl Stone Soup version 0.21.1-1-g345015f (webtiles) character file.

130 inc the Shield-Bearer (level 5, 0/36 HPs)
             Began as an Octopode Fighter on June 15, 2018.
             Slain by a phantom (2 damage)
             ... on level 4 of the Dungeon.
             The game lasted 00:01:47 (1351 turns).

inc the Shield-Bearer (Octopode Fighter)            Turns: 1351, Time: 00:01:48

Health: 0/36       AC:  1    Str: 15    XL:     5   Next: 14%
Magic:  5/5        EV: 12    Int: 15    God:
Gold:   52         SH:  9    Dex: 13    Spells: 4/4 levels left

rFire    . . .     SeeInvis .     - Unarmed
rCold    . . .     Gourm    .   a - +0 shield
rNeg     . . .     Faith    .   (helmet restricted)
rPois    .         Spirit   .   (no amulet)
rElec    .         Reflect  .   (no ring)
rCorr    .         Harm     .   (no ring)
MR       .....                  (no ring)
Stlth    ++........             (no ring)
HPRegen  0.12/turn              (no ring)
MPRegen  0.09/turn              (no ring)
                                (no ring)
                                (no ring)

@: brilliant
A: almost no armour, stealthy swim, amphibious, 8 rings, constrict 8, camouflage
1, gelatinous body 1
a: no special abilities


You were on level 4 of the Dungeon.
You were not hungry.

You visited 1 branch of the dungeon, and saw 4 of its levels.

You collected 52 gold pieces.

Inventory:

Armour
 a - a +0 shield (worn)
Jewellery
 j - an uncursed ring of fire
 k - a cursed -3 ring of evasion {unknown}
Scrolls
 d - a scroll of blinking {unknown}
 f - a scroll of enchant armour {unknown}
 g - a scroll of identify {unknown}
 h - a scroll of immolation {unknown}
 i - a scroll of remove curse {unknown}
Potions
 b - 2 potions of might
Comestibles
 c - 4 rations


   Skills:
 - Level 3.0 Fighting
 - Level 3.0 Dodging
 + Level 5.7 Shields
 - Level 2.0 Unarmed Combat


You had 4 spell levels left.
You didn't know any spells.

Dungeon Overview and Level Annotations

Branches:
Dungeon (4/15)
 Temple: D:4-7

Altars:

Annotations:
D:4 Jaiteiro's ghost, amateur TrFi


Innate Abilities, Weirdness & Mutations

You cannot wear most types of armour.
You are very stealthy in the water. (Stealth+)
You are amphibious.
You can wear up to eight rings at the same time.
You can use your tentacles to constrict eight enemies at once.
Your skin changes colour to match your surroundings (Stealth+).
Your rubbery body absorbs attacks. (AC +1, EV +1)


Message History

You see here a leather armour.
You tentacle-slap the orc. You grab the orc.
The orc is heavily wounded.
You constrict the orc, but do no damage.
You block the orc's attack.
You tentacle-slap the orc but do no damage.
The orc is moderately wounded.
You constrict the orc. The orc hits you with a hand axe.
You tentacle-slap the orc but do no damage.
You tentacle-slap the orc, but do no damage.
The orc is heavily wounded.
You constrict the orc, but do no damage.
The phantom barely misses you. The orc hits you with a hand axe!
* * * LOW HITPOINT WARNING * * *
Unknown command.
It was a potion of brilliance.
You feel clever all of a sudden.
You constrict the orc, but do no damage.
The phantom hits you.
You die...

#.#####.### #
..##.####%#.##.#
.......#.###.#.#
# #..## #...
##.###W###.#Z#
.........#.##o#
..........# #o#
########.## #o#
#.# #@# #$####W#
#..W.).#
########


You could see a phantom, 3 orcs and a jackal skeleton.

Vanquished Creatures
  An orc priest (D:3)
  6 adders
  A dart slug (D:1)
  2 leopard geckos
  5 orcs
  2 giant cockroaches
  4 goblins
  7 hobgoblins (D:2)
  A ball python (D:2)
  2 bats
  2 frilled lizards (D:2)
  7 kobolds
  5 rats
45 creatures vanquished.

Notes
Turn   | Place    | Note
-------+----------+-------------------------------------------
     0 | D:1      | inc the Octopode Fighter began the quest for the Orb.
     0 | D:1      | Reached XP level 1. HP: 16/16 MP: 1/1
    72 | D:1      | Reached XP level 2. HP: 17/21 MP: 2/2
   137 | D:1      | You fall through a shaft!
   267 | D:2      | Reached skill level 4 in Shields
   267 | D:2      | Reached XP level 3. HP: 21/26 MP: 3/3
   645 | D:2      | Reached XP level 4. HP: 30/31 MP: 4/4
   961 | D:3      | Reached skill level 5 in Shields
  1125 | D:3      | Reached XP level 5. HP: 22/36 MP: 5/5
  1299 | D:4      | Noticed Jaiteiro's ghost (amateur TrFi)
  1307 | D:4      | Noticed a phantom
  1351 | D:4      | Slain by a phantom

Skill      XL: |  1  2  3  4 |
---------------+-------------+-----
Shields        | 4 5 |  5.7
Fighting       | |  3.0
Dodging        | |  3.0
Unarmed Combat | |  2.0

Action                   |  1- 3 |  4- 6 || total
-------------------------+-------+-------++-------
Melee: Unarmed           |    62 |    49 ||   111
       Constrict         |    17 |    15 ||    32
       Tentacles         |     8 |     9 ||    17
       Punch             |       |     2 ||     2
  Use: Potion            |       |     1 ||     1
 Stab: Sleeping          |     4 |     1 ||     5
  Eat: Chunk             |       |     1 ||     1
Armor: Skin              |     6 |     2 ||     8
Dodge: Dodged            |    25 |    11 ||    36
Block: Shield            |    18 |    12 ||    30
